 Dungeon Crawl Stone Soup version 0.25-b1-46-gb8a1ec05df (webtiles) character file.

Game seed: 16153758164484088839

66 Ozzies the Skirmisher (level 3, 33/34 HPs)
             Began as a Minotaur Berserker on June 8, 2020.
             Was a Believer of Trog.
             Quit the game on level 2 of the Dungeon on June 11, 2020.
             The game lasted 00:04:07 (1693 turns).

Ozzies the Skirmisher (Minotaur Berserker)          Turns: 1693, Time: 00:04:07

Health: 33/34      AC: 11    Str: 22    XL:     3   Next: 96%
Magic:  2/2        EV:  6    Int:  4    God:    Trog [**....]
Gold:   112        SH:  2    Dex:  9    Spells: 2/2 levels left

rFire    . . .     SeeInvis .   a - +0 hand axe
rCold    . . .     Gourm    .   i - +0 buckler
rNeg     . . .     Faith    .   l - +0 plate armour
rPois    .         Spirit   .   (helmet restricted)
rElec    .         Reflect  .   (no cloak)
rCorr    .         Harm     .   (no gloves)
MR       .....                  (no boots)
Stlth    ..........             (no amulet)
HPRegen  0.11/turn              (no ring)
MPRegen  0.08/turn              (no ring)

@: no status effects
A: retaliatory headbutt, horns 2
a: Berserk, Trog's Hand, Renounce Religion


You were on level 2 of the Dungeon.
You worshipped Trog.
Trog was pleased with you.
You were not hungry.

You visited 1 branch of the dungeon, and saw 2 of its levels.

You collected 112 gold pieces.

Inventory:

Hand Weapons
 a - a +0 hand axe (weapon)
Armour
 b - a +0 animal skin
 i - a +0 buckler (worn)
 l - a +0 plate armour (worn)
Scrolls
 d - a scroll of noise {unknown}
 f - a scroll of enchant armour {unknown}
 g - a scroll of remove curse {unknown}
 h - 2 scrolls of fog {unknown}
 k - a scroll of magic mapping {unknown}
Potions
 e - 2 potions of brilliance {unknown}
Comestibles
 c - 4 rations
 j - 12 chunks of flesh


   Skills:
 * Level 4.6 Fighting
 + Level 4.3 Axes
 - Level 3.0 Armour
 + Level 2.9 Dodging


You had 2 spell levels left.
You didn't know any spells.
Your spell library was empty.

Dungeon Overview and Level Annotations

Branches:
Dungeon (2/15)

Altars:


Innate Abilities, Weirdness & Mutations

You reflexively headbutt those who attack you in melee.
You have a pair of horns on your head.


Message History

No target in view!
You see here a plate armour.
You start removing your armour.
You continue taking off your +0 animal skin. x4
You finish taking off your +0 animal skin.
You start putting on your armour.
You continue putting on your plate armour. x5
You finish putting on your +0 plate armour.
Welcome back, Ozzies the Minotaur Berserker.
Trog says: Kill them all!
Press ? for a list of commands and other information.
Welcome back, Ozzies the Minotaur Berserker.
Trog says: Kill them all!
Press ? for a list of commands and other information.
Welcome back, Ozzies the Minotaur Berserker.
Trog says: Kill them all!
Press ? for a list of commands and other information.
Are you sure you want to abandon this character and quit the game? (Confirm with "yes".)
Okay, then.
Are you sure you want to abandon this character and quit the game? (Confirm with "yes".)

.......# #####.####
#.......#
#.##.##.########### ##
#...<..........# ##
#.....##.......###.#
.#.###.#..##..^........
##.................#
######.#####....@..# #
#.#####.#####.# #
#.............# #
############### # # # #
#


There were no monsters in sight!

Vanquished Creatures
  An adder (D:2)
  2 worms (D:2)
  A dart slug (D:1)
  A leopard gecko (D:1)
  2 giant cockroaches
  6 hobgoblins
  6 jackals
  5 kobolds
  A quokka (D:2)
  11 bats
  3 frilled lizards
  4 goblins (D:1)
  4 rats
47 creatures vanquished.

Notes
Turn   | Place    | Note
-------+----------+-------------------------------------------
     0 | D:1      | Ozzies the Minotaur Berserker began the quest for the Orb.
     0 | D:1      | Reached XP level 1. HP: 19/19 MP: 0/0
   189 | D:1      | Reached XP level 2. HP: 27/27 MP: 1/1
   823 | D:1      | Reached XP level 3. HP: 24/33 MP: 2/2
   828 | D:1      | Reached ** piety under Trog
  1686 | D:2      | Upgraded the game from 0.25-b1-41-g19641232cd to
                  | 0.25-b1-46-gb8a1ec05df
  1693 | D:2      | Quit the game

Illustrated notes

Levels and vault maps discovered:
D:1:      wander_arrival_chamber, layout_loops_ring, nrook_campfire
D:2:      layout_loops_cross

Skill      XL: |  1  2  3 |
---------------+----------+-----
Axes           | 4 |  4.3
Fighting       | 4 |  4.6
Armour         | 3 |  3.0
Dodging        | |  2.9

Action                   || total
-------------------------++-------
Melee: Hand axe          ||    90
       Headbutt          ||    17
  Eat: Chunk             ||     2
Armor: Animal skin       ||    26
Dodge: Dodged            ||    77
